Unix NetHack Version 5.0.0-0 post-release - last build Jun 10 2026 00:39:30 (3ee93aec679c4c4259841fe613dc97188e26a321,branch:main).

Game began 2026-06-15 19:15:03, ended 2026-06-15 19:17:16.

CyberFan, chaotic male orcish Rogue

       |            ------
       |....        -*...|
       |            |..%.| #
                    |.....##
                    |..@.|###
                    |..h.|#####
                    ------  # #
                             ##  ---------
                              #  |.......|
                              #  |.......|    ##------
                              ###........|   ###-.`..|
                                 |.......|  ##  |..<.+
                                 |.......-###   |....|
                                 ---------      ------

CyberFan the Footpad    St:12 Dx:18 Co:18 In:11 Wi:8 Ch:9  Chaotic
Dlvl:3  $:24 HP:0(11) Pw:2(2) AC:7  Xp:1/9 T:539 

Latest messages:
 You see here a spear.
 The kitten picks up a spear.
 The kitten drops a spear.
 In what direction?
 You see no door there.
 In what direction?
 The door opens.
 "Hello, CyberFan!  Welcome to Matagami's general store!"
 You see here a bronze plate mail (for sale, 533 zorkmids).
 You see here a tin opener (for sale, 40 zorkmids).
 You see here a long sword (for sale, 20 zorkmids).
 You see here a violet gem (for sale, 800 zorkmids).
 You see here a mottled spellbook (for sale, 533 zorkmids).
 You see here a fortune cookie (for sale, 9 zorkmids).
 You see here 2 pancakes (for sale, 40 zorkmids).
 What do you want to drop? [$a-gi-oq or ?*]
 You drop a scroll labeled JUYED AWK YACC.
 Matagami offers 30 gold pieces for your scroll labeled JUYED AWK YACC.  Sell it? [ynaq] (n)
 o - a scroll labeled JUYED AWK YACC.
 What do you want to drop? [$a-gi-oq or ?*]
 You drop a scroll labeled NR 9.
 Matagami offers 50 gold pieces for your scroll labeled NR 9.  Sell it? [ynaq] (n)
 k - a scroll labeled NR 9.
 You hear someone counting gold coins.
 You swap places with your kitten.
 You hit the grid bug.
 The grid bug bites!
 You avoid harm.
 You hit the grid bug.
 The grid bug bites!
 You avoid harm.
 You kill the grid bug!
 You descend the stairs.
 In what direction?
 The door opens.
 That door is closed.
 In what direction?
 The door opens.
 $ - 3 gold pieces (24 in total).
 The hobbit shoots a rock!
 A rock misses you.
 In what direction?
 The door opens.
 The hobbit swings her sling.
 The hobbit hits!
 In what direction?
 The orcish dagger named ammo hits the hobbit.
 The hobbit swings her sling.
 The hobbit hits!
 You die...

Inventory:
 Coins    ('$')
  $ - 24 gold pieces
 Weapons  (')')
  b - an uncursed +0 orcish dagger (weapon in right hand)
  i - 9 uncursed +0 orcish daggers named ammo (at the ready)
  a - an uncursed +0 orcish short sword (alternate weapon; not wielded)
 Armor    ('[')
  c - an uncursed +1 leather armor (being worn)
 Comestibles  ('%')
  l - 2 uncursed food rations
  g - an uncursed fortune cookie
 Scrolls  ('?')
  k - an uncursed scroll of confuse monster
  o - an uncursed scroll of enchant weapon
 Potions  ('!')
  j - an uncursed potion of enlightenment
  n - an uncursed potion of healing
  q - 2 cursed potions of healing
  d - an uncursed potion of sickness
 Tools    ('(')
  f - an empty uncursed sack
  e - an uncursed lock pick
  m - an uncursed magic whistle

CyberFan the Rogue's attributes:

Background:
 You were a Footpad, a level 1 male orcish Rogue.
 You were chaotic, on a mission for Kos
 who was opposed by Issek (lawful) and Mog (neutral).
 You were right-handed.
 You were in the Dungeons of Doom, on level 3.
 You entered the dungeon 539 turns ago.
 There was a new moon in effect when your adventure ended.
 You had 9 experience points, 11 more were needed to attain level 2.

Basics:
 You had 0 out of 11 hit points.
 You had both energy points (spell power).
 Your armor class was 7.
 Your wallet contained 24 zorkmids.
 Autopickup was on for '$%?!"=/*' plus thrown, with exceptions.

Final Characteristics:
 Your strength was 12 (limit:18/50).
 Your dexterity was 18 (limit:18).
 Your constitution was 18 (limit:18).
 Your intelligence was 11 (limit:16).
 Your wisdom was 8 (limit:16).
 Your charisma was 9 (limit:16).

Final Status:
 You weren't hungry.
 You were unencumbered.
 You were wielding a dagger.
 You had basic skill with dagger.

Final Attributes:
 You were fervently aligned.
 You were poison resistant.
 You had infravision.
 You were stealthy.
 You were warded.
 You are dead.

Miscellaneous:
 You disabled loading and storing of bones levels.
 Total elapsed playing time was 2 minutes and 13 seconds.

Major events:
 Turn
    1: CyberFan the chaotic male orcish Rogue entered the dungeon
  307: entered the Gnomish Mines
  539: killed by a hobbit

You didn't know any spells.

Skills:
 Fighting Skills
   bare handed combat [Unskilled]
   two weapon combat  [Unskilled]
   riding             [Unskilled]
 Weapon Skills
   dagger             [Basic]
   knife              [Unskilled]
   short sword        [Basic]
   broadsword         [Unskilled]
   long sword         [Unskilled]
   two-handed sword   [Unskilled]
   saber              [Unskilled]
   club               [Unskilled]
   mace               [Unskilled]
   morning star       [Unskilled]
   flail              [Unskilled]
   hammer             [Unskilled]
   polearms           [Unskilled]
   spear              [Unskilled]
   crossbow           [Unskilled]
   dart               [Unskilled]
   shuriken           [Unskilled]
 Spellcasting Skills
   divination spells  [Unskilled]
   escape spells      [Unskilled]
   matter spells      [Unskilled]

Voluntary challenges:
 Character rerolling was not enabled.
 You went without food.
 You were an atheist.
 You never genocided any monsters.
 You never polymorphed an object.
 You never changed form.
 You used no wishes.
Achievements:
 You entered the Gnomish Mines.
 You entered a shop.

 The Dungeons of Doom: levels 1 to 3
    Level 1:
    Level 2:
       A general store, a sink.
       Stairs down to The Gnomish Mines.
    Level 3: <- You were here.
       Final resting place for
          you, killed by a hobbit.
 The Gnomish Mines:
    Level 3:


Vanquished creatures:
  a goblin
  3 grid bugs
  a lichen
  a newt
6 creatures vanquished.

No species were genocided or became extinct.

Game over:
                       ----------
                      /          \
                     /    REST    \
                    /      IN      \
                   /     PEACE      \
                  /                  \
                  |     CyberFan     |
                  |      24 Au       |
                  |   killed by a    |
                  |      hobbit      |
                  |                  |
                  |                  |
                  |       2026       |
                 *|     *  *  *      | *
        _________)/\\_//(\/(/\)/\//\/|_)_______

Goodbye CyberFan the Rogue...

You died in The Dungeons of Doom on dungeon level 3 with 158 points,
and 24 pieces of gold, after 539 moves.
You were level 1 with a maximum of 11 hit points when you died.

